cohdb
Replays
Latest Replays
All Replays
Popular Replays
Top Player Replays
Match Explorer
How It Works
Community
CoH3 Stats
Reddit
Sign in to upload your games and track your stats! →
Sign in with Steam
Match 40664549
Unlisted
Match 40664549
Overview
Messages
Build Orders
End
250 Light Carrier
Selects Italian Infantry
Panzerpioneer Squad
Panzergrenadier Squad
Construct Light Support Kompanie
Panzerjäger Squad
Selects Defensive Operations
2.5-tonne Medical Truck
Fire Support Elements
Selects Guastatori Squad
Selects L6/40 Light Tank Combat Group
Guastatori Squad
Panzerjäger Mechanized Group
Construct Panzerarmee Kommand
Panzer III L Medium Tank
Selects Territory Booby Traps
Selects Propaganda War
Construct Mechanized Kompanie
Panzerjäger Squad
Armored Reserves
Propaganda War
Selects Towed Cannone da 105/28 Field Howitzer
Propaganda War
кореш
Maangas
PurpleJay
卡尔文
DKa
vonAJ
Moonmu
zjxyl
0
0
Comments
sign in to comment!
No comments posted yet!